 Dungeon Crawl Stone Soup version 0.17-a0-1763-g847a857 (webtiles) character file.

1174 ololoev the Poker (level 8, 61/61 HPs)
             Began as a Purple Draconian Skald on Sept 4, 2015.
             Quit the game on level 5 of the Dungeon.
             The game lasted 00:22:11 (6760 turns).

ololoev the Poker (Purple Draconian Skald)          Turns: 6760, Time: 00:22:11

Health: 61/61      AC:  6    Str: 15    XL:     8   Next: 18%
Magic:  13/14      EV: 12    Int: 12    God:
Gold:   90         SH:  0    Dex: 13    Spells: 4 memorised, 6 levels left

rFire  . . .     SeeInvis .     a - +2 spear (freeze)
rCold  . . .     Clarity  +     (armour unavailable)
rNeg   . . .     SustAt   .     (no shield)
rPois  .         Gourm    .     (helmet restricted)
rElec  .         Spirit   .     (no cloak)
rCorr  .         Warding  .     (no gloves)
rMut   .         Stasis   .     (no boots)
MR     +....                    (no amulet)
Stlth  ++........               (no ring)
                                (no ring)

@: somewhat resistant to hostile enchantments, unstealthy
A: breathe power, unfitting armour, stinger 1, camouflage 1, clarity,
cold-blooded, AC +6
a: Breathe Dispelling Energy


Innate Abilities, Weirdness & Mutations

You can breathe bolts of dispelling energy.
Your rich purple scales are hard (AC +6).
Your body does not fit into most forms of armour.
You are cold-blooded and may be slowed by cold attacks.
Your tail ends in a poisonous barb.
Your skin changes colour to match your surroundings (Stealth).
You possess an exceptional clarity of mind.

Inventory:

Hand weapons
 a - a +2 spear of freezing (weapon)
 b - a +0 blowgun
Missiles
 u - 5 poisoned needles
Magical devices
 y - a wand of fire (7)
Scrolls
 f - a scroll of blinking {unknown}
 h - a scroll of immolation
 j - 2 scrolls of teleportation {unknown}
 l - 2 scrolls of fear {unknown}
 m - 2 scrolls of magic mapping {unknown}
 n - 4 scrolls of remove curse
 r - a scroll of random uselessness {unknown}
 w - a scroll of enchant armour {unknown}
 x - a scroll of noise {unknown}
Potions
 d - 2 potions of curing
 e - a potion of cancellation {unknown}
 g - a potion of heal wounds
 k - 3 potions of cure mutation
 o - a potion of brilliance
 t - a potion of flight
 z - a potion of degeneration {unknown}
 A - a potion of agility {unknown}
 C - a potion of poison {unknown}
Books
 q - a Grand Grimoire

   Spells                             Type                      Level
   a - Monstrous Menagerie            Summoning                    6
   b - Summon Greater Demon           Summoning                    7
   c - Malign Gateway                 Summoning/Translocation      7
   d - Summon Horrible Things         Summoning                    8
 s - a book of Battle

   Spells                             Type                      Level
   a - Infusion                       Charms                       1
   b - Shroud of Golubria             Charms/Translocation         2
   c - Song of Slaying                Charms                       2
   d - Spectral Weapon                Hexes/Charms                 3
   e - Regeneration                   Charms/Necromancy            3
Miscellaneous
 i - a plain deck of summoning {drawn: 1}
Comestibles
 c - a bread ration
 p - 2 fruits
 v - a beef jerky
 B - 5 chunks of flesh


   Skills:
 - Level 2.1 Fighting
 * Level 7.3 Polearms
 - Level 1.3 Dodging
 + Level 4.0 Spellcasting
 - Level 2.4 Hexes
 + Level 6.8 Charms


You had 6 spell levels left.
You knew the following spells:

 Your Spells              Type           Power        Failure   Level  Hunger
a - Infusion              Chrm           ###...       1%          1    #......
b - Song of Slaying       Chrm           ###.....     1%          2    ##.....
c - Spectral Weapon       Hex/Chrm       ##......     12%         3    ###....
d - Regeneration          Chrm/Necr      ##........   21%         3    ###....


You were on level 5 of the Dungeon.
You were not hungry.

You visited 1 branch of the dungeon, and saw 7 of its levels.

You collected 272 gold pieces.
You spent 182 gold pieces at shops.

......####..........
....................
.####..............#
#####..............
..$......###....)..
#.## ####....# ####+##
#..# #....# #.# #..
#....# #.# #..
#....##### #@# #.# #
#........# #)# #.# .#
#.....##.###.####.##.##
#.".........(..).....>#
##.....#+###+#####.####
##................#
#.#............###
##.#.#..........#
#.##......##....##.#

Notes
Turn   | Place    | Note
--------------------------------------------------------------
     0 | D:1      | ololoev the Draconian Skald began the quest for the Orb.
     0 | D:1      | Reached XP level 1. HP: 17/17 MP: 3/3
   379 | D:1      | Reached XP level 2. HP: 24/24 MP: 5/5
   390 | D:1      | Learned a level 2 spell: Song of Slaying
   443 | D:1      | Reached skill level 3 in Polearms
   828 | D:1      | Reached XP level 3. HP: 27/29 MP: 6/6
  1367 | D:2      | Reached skill level 4 in Polearms
  1367 | D:2      | Reached XP level 4. HP: 24/36 MP: 7/7
  1589 | D:2      | Found a stormy altar of Qazlal.
  2018 | D:2      | Noticed Ijyb
  2031 | D:2      | Killed Ijyb
  2031 | D:2      | Reached XP level 5. HP: 35/41 MP: 2/8
  2150 | D:2      | Noticed Robin
  2184 | D:2      | Killed Robin
  2207 | D:2      | HP: 1/41 [hobgoblin/club[Robin] (3)]
  2762 | D:2      | Learned a level 3 spell: Spectral Weapon
  3062 | D:3      | Found an opulent altar of Gozag.
  3204 | D:3      | Found a basalt altar of Yredelemnul.
  3534 | D:3      | Reached skill level 5 in Polearms
  3598 | D:3      | Reached skill level 1 in Hexes
  3918 | D:3      | Reached XP level 6. HP: 42/48 MP: 9/9
  4434 | D:4      | Gained mutation: Your skin changes colour to match your surroundings (Stealth). [potion of mutation]
  4434 | D:4      | Gained mutation: You possess an exceptional clarity of mind. [potion of mutation]
  4434 | D:4      | Gained mutation: Your tail ends in a poisonous barb. [potion of mutation]
  4453 | D:4      | You fall through a shaft for 3 floors!
  4477 | D:6      | Noticed Pikel
  4494 | D:7      | Found a bloodstained altar of Trog.
  4556 | D:7      | Found Jett's Gadget Boutique.
  4563 | D:7      | Bought a plain deck of summoning for 182 gold pieces
  4913 | D:7      | Noticed a hippogriff
  4931 | D:7      | Killed a hippogriff
  4931 | D:7      | Reached skill level 6 in Polearms
  4931 | D:7      | Reached skill level 5 in Charms
  4931 | D:7      | Your scales start taking on a rich purple colour.
  4931 | D:7      | Reached XP level 7. HP: 45/55 MP: 10/10
  4936 | D:7      | Learned a level 3 spell: Regeneration
  5871 | D:5      | Entered Level 5 of the Dungeon
  6026 | D:4      | Noticed Sigmund
  6032 | D:4      | Killed Sigmund
  6174 | D:4      | Reached XP level 8. HP: 61/61 MP: 13/13
  6275 | D:4      | Reached skill level 7 in Polearms
  6277 | D:4      | Found Ihim's Incredible Inventory.
  6760 | D:5      | Quit the game

Dungeon Overview and Level Annotations

Branches:
Dungeon (7/15)
 Temple: D:4-7

Altars:
Gozag
Qazlal
Trog
Yredelemnul

Shops:
D:4 *   D:7 }

Annotations:
D:6 Pikel


Message History

The orc wizard hits you but does no damage.
You closely miss the orc wizard.
The orc wizard is heavily wounded.
The orc wizard closely misses you.
You hit the orc wizard. You freeze the orc wizard.
The orc wizard is severely wounded.
The orc wizard hits you but does no damage.
You hit the orc wizard. You freeze the orc wizard.
You kill the orc wizard!
Your Spellcasting skill increases to level 4!
Attack whom?
Press: ? - help, Dir - move target cursor, f - orc
Aim: an orc, wielding a whip (moderately wounded)
You reach to attack!
You hit the orc. You freeze the orc.
You kill the orc!
No target in view!
No target in view!
No target in view!
No target in view!
No target in view!
No target in view!
No target in view!
No target in view!
No target in view!
No target in view!
No target in view!
No target in view!
No target in view!
No target in view!
No target in view!
No target in view!
No target in view!
No target in view!
No target in view!
No target in view!
Things that are here:
a dagger; a robe; an orc corpse
Things that are here:
a whip; a tomahawk Are you sure you want to abandon this character and quit the game? (Confirm with "yes".)

There were no monsters in sight!

Vanquished Creatures
  A hippogriff (D:7)
  An ogre (D:7)
  2 big kobolds (D:7)
  2 scorpions
  A giant frog zombie (D:7)
  A wasp zombie (D:7)
  Ijyb (D:2)
  A hound (D:4)
  A giant frog skeleton (D:5)
  6 orc wizards
  A killer bee zombie (D:7)
  Robin (D:2)
  14 adders
  2 oozes (D:2)
  An adder skeleton (D:5)
  A worm (D:2)
  A giant gecko (D:5)
  11 orcs
  8 giant cockroaches
  15 goblins
  12 hobgoblins
  8 jackals
  A quokka (D:2)
  7 bats
  A giant cockroach zombie (D:5)
  6 giant newts
  2 jackal zombies
  14 kobolds
  10 rats
133 creatures vanquished.

Vanquished Creatures (collateral kills)
  Sigmund (D:4)
  An orc wizard (D:4)
  An orc (D:4)
3 creatures vanquished.

Vanquished Creatures (others)
  A kobold (D:2)
1 creature vanquished.

Grand Total: 137 creatures vanquished

Action                   |  1- 3 |  4- 6 |  7- 9 || total
-------------------------+-------+-------+-------++-------
Melee: Spear             |   177 |   290 |   120 ||   587
 Fire: Blowgun           |       |     8 |     6 ||    14
 Cast: Infusion          |     6 |    17 |     2 ||    25
       Song of Slaying   |     3 |     5 |     2 ||    10
       Spectral Weapon   |       |     1 |     2 ||     3
Evoke: Deck              |       |       |     1 ||     1
  Use: Potion            |       |     5 |       ||     5
       Scroll            |       |     5 |     1 ||     6
 Stab: Sleeping          |     2 |     4 |     7 ||    13
       Distracted        |       |     1 |     1 ||     2
  Eat: Chunk             |     2 |    10 |     4 ||    16
       Bread ration      |       |     1 |       ||     1

Vault maps used:
D:1:      dpeg_arrival_radiant
D:2:      nicolae_qazlal_eye_of_the_storm, uniq_iyjb, uniq_robin
D:3:      lemuel_crystal_altar, lemuel_doored_altar, first_bread
D:4:      nicolae_alphabet_shops, uniq_sigmund
D:5:      led_sif_book
D:6:      minmay_temple_entry_glassed_door, uniq_pikel
D:7:      lemuel_crystal_altar, serial_shops, shop
